 Dungeon Crawl Stone Soup version 0.18-a0-833-gaaf0859 (webtiles) character file.

9 penguinsfan71 the Insei (level 1, 0/15 HPs)
             Began as a Demigod Transmuter on Dec 17, 2015.
             Slain by an adder (3 damage)
             ... on level 2 of the Dungeon.
             The game lasted 00:06:33 (537 turns).

penguinsfan71 the Insei (Demigod Transmuter)         Turns: 537, Time: 00:06:33

Health: 0/15       AC: 10    Str: 13    XL:     1   Next: 93%
Magic:  5/5        EV:  3    Int: 17    God:
Gold:   46         SH:  0    Dex: 16    Spells: 1 memorised, 2 levels left

rFire  . . .     SeeInvis .     m - +0 mace
rCold  . . .     Gourm    .     f - +0 plate armour (curse)
rNeg   . . .     Faith    .     (no shield)
rPois  .         Spirit   .     (no helmet)
rElec  .         Dismiss  .     (no cloak)
rCorr  .         Reflect  .     (no gloves)
SustAt +         Harm     .     (no boots)
MR     .....                    (no amulet)
Stlth  ..........               (no ring)
                                (no ring)

@: lethally poisoned (0 -> -7), very slightly contaminated, not resistant to
hostile enchantments, extremely unstealthy
A: high mp 1, sustain attributes
a: no special abilities


You were on level 2 of the Dungeon.
You were not hungry.

You visited 1 branch of the dungeon, and saw 2 of its levels.

You collected 46 gold pieces.

Inventory:

Hand Weapons
 g - a +0 hand axe
 l - a +0 club
 m - a +0 mace (weapon)
 o - a cursed -1 dagger
 r - a +0 club
 u - a +0 short sword
 v - a +0 dagger
 w - a +0 whip
Missiles
 a - 12 arrows
 k - 47 stones (quivered)
 s - 15 poisoned arrows
Armour
 b - a +0 robe
 f - a cursed +0 plate armour (worn)
 h - a +0 chain mail
 i - a cursed +0 leather armour
 j - a +0 chain mail
 n - a cursed +0 scale mail
Jewellery
 t - an uncursed amulet of resist corrosion {unknown}
Scrolls
 e - 2 scrolls of identify {unknown}
 x - a scroll of recharging {unknown}
Potions
 p - 2 potions of curing {unknown}
Books
 c - a book of Changes

   Spells                             Type                      Level
   a - Beastly Appendage              Transmutation                1
   b - Sticks to Snakes               Transmutation                2
   c - Spider Form                    Transmutation/Poison         3
   d - Ice Form                       Ice/Transmutation            4
   e - Blade Hands                    Transmutation                5
Comestibles
 d - a bread ration
 q - 3 fruits


   Skills:
 + Level 0.8 Fighting
 + Level 1.8 Dodging
 + Level 3.1 Unarmed Combat
 + Level 1.8 Spellcasting
 + Level 1.9 Transmutations


You had 2 spell levels left.
You knew the following spells:

 Your Spells              Type           Power        Failure   Level  Hunger
a - Beastly Appendage     Trmt           #.....       100%        1    #......


Dungeon Overview and Level Annotations

Branches:
Dungeon (2/15)


Innate Abilities, Weirdness & Mutations

You have an increased reservoir of magic (+10% MP).
Your attributes are resistant to harm.


Message History

You feel sick.
The kobold throws a stone.
The stone hits you but does no damage.
You see here a stone.
The adder bites you but does no damage.
There is a stone staircase leading up here.
You feel sick. The adder bites you but does no damage.
The kobold hits you but does no damage. The adder bites you.
* * * LOW HITPOINT WARNING * * *
You climb upwards.
There is a stone staircase leading down here.
The kobold hits you but does no damage. The adder bites you but does no damage.
You climb downwards.
* * * LOW HITPOINT WARNING * * *
You feel sick.
There is a stone staircase leading up here.
The kobold throws a stone.
The stone barely misses you. The adder bites you but does no damage.
You see here a stone.
The adder bites you but does no damage. The adder bites you.
You die...

#.# #.# #.# ####
#.#
...############.##
##.##............#
#....#########(K#
###### #S(# #.@#
#..# #..# #..#
######..####...
[......(..S.K..
############...


You could see an adder and a kobold.

Vanquished Creatures
  2 bats (D:1)
  A giant cockroach (D:2)
  A hobgoblin (D:1)
  2 giant newts
  2 kobolds (D:2)
  A rat (D:2)
  A fungus (D:1)
10 creatures vanquished.

Notes
Turn   | Place    | Note
--------------------------------------------------------------
     0 | D:1      | penguinsfan71 the Demigod Transmuter began the quest for the Orb.
     0 | D:1      | Reached XP level 1. HP: 15/15 MP: 5/5
   368 | D:2      | Reached skill level 3 in Unarmed Combat
   537 | D:2      | Slain by an adder

Vault maps used:
D:1:      tarquinn_simple_flora_water_f, hangedman_decor_points
D:2:      ecumenical_altar_1

Action                   || total
-------------------------++-------
Melee: Unarmed           ||    19
       Mace              ||    16
       Hand axe          ||    15
Throw: Stone             ||     3
